 Dungeon Crawl Stone Soup version 0.32-a0-818-gb728d0252e (webtiles) character file.

Game seed: 2841874015073746730

71 inqbanana the Sneak (level 4, -2/38 HPs)
             Began as a Minotaur Brigand on Mar 24, 2024.
             Slain by an orc
             ... wielding a +0 club
              (3 damage)
             ... on level 3 of the Dungeon.
             The game lasted 00:02:42 (1210 turns).

inqbanana the Sneak (Minotaur Brigand)              Turns: 1210, Time: 00:02:42

Health: -2/38      AC:  3    Str: 17    XL:     4   Next: 5%
Magic:  3/3        EV: 11    Int:  8    God:
Gold:   111        SH:  0    Dex: 12    Spells: 3/3 levels left

rFire   . . .        o - +0 long sword
rCold   . . .        (no shield)
rNeg    . . .        b - +0 robe
rPois   .            (helmet restricted)
rElec   .            c - +0 cloak
rCorr   .            (no gloves)
SInv    .            (no boots)
Will    .....        (no amulet)
Stlth   ++           (no ring)
HPRegen 0.26/turn    (no ring)
MPRegen 0.08/turn

%: no passive effects
@: lethally poisoned (-2 -> -11)
A: horns 2, retaliatory headbutt
a: no special abilities


You were on level 3 of the Dungeon.
You visited 1 branch of the dungeon, and saw 3 of its levels.

You collected 111 gold pieces.

Inventory:

Hand Weapons
 a - a +2 dagger
 o - a +0 long sword (weapon)
Missiles
 d - 21 poisoned darts (quivered)
 e - 3 curare-tipped darts
Armour
 b - a +0 robe (worn)
 c - a +0 cloak (worn)
 i - a +0 cloak
Jewellery
 k - a ring of magical power
Talismans
 h - a storm talisman
Scrolls
 f - 2 scrolls of vulnerability {unknown}
 g - a scroll of noise {unknown}
 j - a scroll of identify {unknown}
 l - a scroll of immolation {unknown}
 p - a scroll of amnesia {unknown}
Potions
 m - a potion of enlightenment {unknown}
 n - 2 potions of cancellation {unknown}


   Skills:
 + Level 3.0 Fighting
 - Level 2.1(2.7) Short Blades
 * Level 2.5(3.0) Long Blades
 - Level 2.0 Throwing
 + Level 1.5 Armour
 + Level 1.9 Dodging
 + Level 3.5 Stealth


You had 3 spell levels left.
You didn't know any spells.
Your spell library was empty.

Dungeon Overview and Level Annotations

Branches:
Dungeon (3/15)

Altars:


Innate Abilities, Weirdness & Mutations

You have a pair of horns on your head.
You reflexively headbutt those who attack you in melee.


Message History

The kobold closely misses you.
The gnoll hits you from afar with a +0 spear.
You closely miss the kobold. The adder barely misses you.
The kobold hits you with a +0 whip. The gnoll barely misses you.
You slash the adder!
The adder is severely wounded.
The adder barely misses you. The kobold barely misses you.
The gnoll hits you from afar with a +0 spear.
The adder closely misses you.
You closely miss the adder. Your headbutt misses the adder.
The adder is severely wounded.
The kobold hits you but does no damage. The gnoll closely misses you.
A gnoll comes into view. It is wielding a +0 club.
The adder bites you but does no damage. The kobold hits you with a +0 whip.
The orc hits you with a +0 club.
The gnoll hits you from afar with a +0 spear!
The gnoll moves out of view.
Sorry, you're not good enough to have a special ability.
Sorry, you're not good enough to have a special ability.
You barely miss the adder.
The adder is severely wounded.
The adder bites you.
You are poisoned.
The adder poisons you! The adder bites you.
* * * LOW HITPOINT WARNING * * *
You are lethally poisoned!
The adder poisons you! The kobold closely misses you.
The orc hits you but does no damage.
The gnoll hits you from afar with a +0 spear.
* * * LOW HITPOINT WARNING * * *
You closely miss the adder.
The adder is severely wounded.
* * * LOW HITPOINT WARNING * * *
You feel very sick. The adder bites you.
* * * LOW HITPOINT WARNING * * *
The kobold hits you with a +0 whip.
* * * LOW HITPOINT WARNING * * *
The orc hits you with a +0 club.
You die...

....... .......
....... .≈≈≈.
....... .....
....... .....
.....g.## ##...#
.......S###....#
......o@..#.#..#
......K........##
>.....#.........#..
#####.##...<.......
...............
##.##........... ..
......#......
........##..#.#.
........ ..# #


You could see a gnoll, an adder, an orc and a kobold.

Vanquished Creatures
  3 adders (D:2)
  A ribbon worm (D:2)
  6 endoplasms
  2 giant cockroaches (D:1)
  A goblin (D:1)
  4 hobgoblins
  4 jackals
  2 quokkas (D:1)
  4 ball pythons
  5 bats
  2 frilled lizards (D:1)
  3 kobolds
  4 rats (D:1)
41 creatures vanquished.

Notes
Turn   | Place    | Note
-------+----------+-------------------------------------------
     0 | D:1      | inqbanana the Minotaur Brigand began the quest for the Orb.
     0 | D:1      | Reached XP level 1. HP: 18/18 MP: 0/0
   176 | D:1      | Reached skill level 1 in Long Blades
   179 | D:1      | Reached XP level 2. HP: 21/25 MP: 1/1
   268 | D:1      | Reached skill level 1 in Armour
   619 | D:2      | Reached XP level 3. HP: 29/30 MP: 2/2
   986 | D:2      | Reached XP level 4. HP: 20/38 MP: 3/3
  1210 | D:3      | HP: 1/38 [kobold/+0 whip (3)]
  1210 | D:3      | Slain by an orc

Illustrated notes

Levels and vault maps discovered:
D:1:      saegor_arrival_simple_e, layout_basic, corexii_hall_statues_s,
          st_stairs_1
D:2:      layout_rooms
D:3:      layout_rooms, mainiacjoe_overflow_concentric_impassable,
          shapermc_ecumenical_altar_hornbeckon, gup_sewer_entry_pipe

Skill      XL: |  1  2  3 |
---------------+----------+-----
Long Blades    | 1 2 |  2.5
Armour         | 1 |  1.5
Fighting       | 3 |  3.0
Short Blades   | |  2.1
Throwing       | |  2.0
Dodging        | |  1.9
Stealth        | |  3.5

Action                     |  1- 3 |  4- 6 || total
---------------------------+-------+-------++-------
  Melee: Dagger            |    73 |       ||    73
         Headbutt          |    11 |     1 ||    12
         Long sword        |     7 |    11 ||    18
   Stab: Sleeping          |     3 |     1 ||     4
 Armour: Robe              |    39 |    19 ||    58
  Dodge: Dodged            |    56 |     9 ||    65

Table legend: (Time is in decaauts)
 A = Elapsed time spent in this place.
 B = Non-inter-level travel time spent in this place.
 C = Inter-level travel time spent in this place.
 D = Time resting spent in this place.
 E = Time spent auto-exploring this place.
 F = Levels seen in this place.
 G = Mean time per level.
                   A        B        C        D        E       F      G
               +--------+--------+--------+--------+--------+-----+--------+
         Total |   1204 |   1161 |     43 |      6 |    914 |   3 |  401.3 |
       Dungeon |   1204 |   1161 |     43 |      6 |    914 |   3 |  401.3 |
               +--------+--------+--------+--------+--------+-----+--------+

Top non-repeatable levels by time:
     D:2: 601 daAuts
     D:1: 586 daAuts
     D:3: 17 daAuts
